[Event "Titled Tuesday Blitz July 05 Early 2022"]
[White "Maksimovic, Bojan"]
[Black "Taspinar, Yanki"]
[WhiteFideId "14408120"]
[BlackFideId "34561188"]
[WhiteElo "2453"]
[BlackElo "1549"]
[Result "1-0"]
[Round "06"]
[TimeControl "180+1"]
[Date "2022.07.05"]
[WhiteClock "0:00:06"]
[BlackClock "0:00:02"]

1. e4 e5 2. Nf3 Nc6 3. Bb5 a6 4. Ba4 Nf6 5. O-O Be7 6. Re1 b5 7. Bb3 O-O 8. a4 Rb8 9. d3 Bb7 10. Nbd2 Re8 11. Nf1 h6 12. axb5 axb5 13. Ng3 Bf8 14. Bd2 d5 15. exd5 Nxd5 16. Ne4 Nd4 17. Nxd4 exd4 18. Qh5 Re6 19. Ng3 Rg6 20. Re5 c6 21. Rae1 Qd7 22. Qf5 Qxf5 23. Nxf5 Rf6 24. Bxd5 cxd5 25. Nxd4 Bc5 26. Nf3 Kh7 27. h3 Ra8 28. Bc3 Ra2 29. R5e2 Rg6 30. Bd4 Bxd4 31. Nxd4 Rxb2 32. Re7 Bc8 33. Rxf7 Bxh3 34. g3 Rb4 35. Rf4 Ra4 36. Re5 Bg4 37. Kg2 b4 38. Rxd5 Ra2 39. Rc5 Bd1 40. Rc4 Rb6 41. Nf5 Bxc2 42. Rxb4 Rxb4 43. Rxb4 Bxd3 44. Ne3 Ra7 45. Rd4 Ba6 46. g4 Bb7+ 47. Kg3 Ra3 48. Rb4 Bc8 49. Rc4 Be6 50. Rc6 Bf7 51. Rc7 Kg8 52. Rc8+ Kh7 53. Rf8 Be6 54. Rf4 Ra1 55. Re4 Bf7 56. Re7 Bg6 57. Nd5 Rg1+ 58. Kf4 Kg8 59. Rc7 Bf7 60. Ne7+ Kf8 61. Nf5 Kg8 62. Nd6 Be6 63. Ne8 Rxg4+ 64. Ke5 Bf7 65. Nd6 Bg6 66. f4 Rg1 67. f5 Bh5 68. Rc8+ Kh7 69. Kf4 Rg5 70. Ne4 Rg4+ 71. Ke5 Rg1 72. Rc7 Kg8 73. f6 Rf1 74. Rxg7+ Kf8 75. Rh7 Bg6 76. Rh8+ Kf7 77. Nd6# 1-0


[Site "https://www.chess.com"]

[Event "Titled Tuesday Blitz July 05 Early 2022"]
[White "Malek, Jan"]
[Black "Maghsoodloo, Parham"]
[WhiteFideId "21864080"]
[BlackFideId "12539929"]
[WhiteElo "2145"]
[BlackElo "2607"]
[Result "1-0"]
[Round "06"]
[TimeControl "180+1"]
[Date "2022.07.05"]
[WhiteClock "0:00:03"]
[BlackClock "0:00:01"]

1. e4 e6 2. d4 d5 3. Nc3 Bb4 4. exd5 exd5 5. Bd3 Ne7 6. Nf3 Nbc6 7. O-O O-O 8. h3 Bf5 9. Ne2 Bd6 10. Bf4 Re8 11. c3 Qd7 12. Qc2 Rad8 13. Rae1 Bxd3 14. Qxd3 Ng6 15. Bxd6 Qxd6 16. Ng3 Nce7 17. Ne5 Nf8 18. Nh5 Qh6 19. Qf3 f5 20. g4 Nfg6 21. Nxg6 Qxg6 22. Nf4 Qf7 23. g5 Ng6 24. Rxe8+ Rxe8 25. Nxd5 Nh4 26. Qg3 Qxd5 27. Qxh4 Qxa2 28. Qf4 Qf7 29. Qd2 Qe6 30. Qf4 Re7 31. Ra1 a6 32. Ra5 g6 33. Re5 Qd6 34. Qe3 Rxe5 35. dxe5 Qd1+ 36. Kh2 Qd5 37. f4 Kf7 38. Kg3 c5 39. Qf3 Qd7 40. c4 Ke6 41. Qb3 Qc6 42. Qd3 b5 43. Qd8 bxc4 44. Qg8+ Kd7 45. Qxh7+ Kc8 46. Qg8+ Kc7 47. Qf7+ Kb6 48. Qf6 c3 49. bxc3 a5 50. e6 Kc7 51. e7 Qxf6 52. e8=N+ Kd8 53. Nxf6 a4 54. h4 a3 55. h5 a2 56. hxg6 a1=Q 57. g7 Qxc3+ 58. Kh4 Qe1+ 59. Kh5 Qe6 60. g8=Q+ Qxg8 61. Nxg8 c4 62. g6 c3 63. g7 c2 64. Nf6 c1=Q 65. g8=Q+ Ke7 66. Qg7+ Ke6 67. Nh7 Qxf4 68. Nf8+ Kd5 69. Qd7+ Ke4 70. Qe6+ Kf3 71. Ng6 Qg4+ 72. Kh6 Qh3+ 73. Kg7 Qg4 74. Kf6 Kg3 75. Qe5+ f4 76. Qc3+ Kg2 77. Qd2+ 1-0


[Site "https://www.chess.com"]

[Event "Titled Tuesday Blitz July 05 Early 2022"]
[White "Manukyan, Sargis A."]
[Black "Csonka, Balazs"]
[WhiteFideId "13303970"]
[BlackFideId "742910"]
[WhiteElo "2187"]
[BlackElo "2404"]
[Result "1/2-1/2"]
[Round "06"]
[TimeControl "180+1"]
[Date "2022.07.05"]
[WhiteClock "0:01:55"]
[BlackClock "0:00:08"]

1. d4 Nf6 2. c4 e6 3. Nc3 d5 4. Nf3 Ne4 5. Qc2 Nxc3 6. bxc3 dxc4 7. e4 b5 8. a4 c6 9. Be2 Be7 10. O-O O-O 11. Bf4 a6 12. Rfb1 Nd7 13. axb5 cxb5 14. Rxb5 axb5 15. Rxa8 Qb6 16. Ra1 Bb7 17. Rb1 Rc8 18. Be3 Qa6 19. Qb2 Bxe4 20. Qxb5 Qxb5 21. Rxb5 Nf6 22. Nd2 Bd3 23. Bf3 h6 24. Bf4 g5 25. Be5 Nd7 26. Bg3 Nf6 27. Rb8 Rxb8 28. Bxb8 Nd5 29. Bxd5 exd5 30. Bc7 Ba3 31. Ba5 Bc1 32. Nf1 f5 33. Ne3 Bxe3 34. fxe3 Kf7 35. Kf2 Be4 36. g3 Kg6 37. h3 g4 38. h4 h5 39. Ke2 Kf7 40. Kd2 Ke6 41. Kc1 Kd7 42. Kb2 Kc6 43. Ka3 Kb5 44. Bc7 Bf3 45. Bf4 Be4 1/2-1/2


[Site "https://www.chess.com"]

[Event "Titled Tuesday Blitz July 05 Early 2022"]
[White "Martinez Alcantara, Jose Eduardo"]
[Black "Kadric, Denis"]
[WhiteFideId "3805662"]
[BlackFideId "14403803"]
[WhiteElo "2703"]
[BlackElo "2657"]
[Result "1-0"]
[Round "06"]
[TimeControl "180+1"]
[Date "2022.07.05"]
[WhiteClock "0:00:07"]
[BlackClock "0:00:09"]

1. e4 d6 2. d4 Nf6 3. Nc3 e5 4. Nge2 Nbd7 5. g3 c6 6. Bg2 Be7 7. O-O O-O 8. a4 b6 9. d5 Bb7 10. dxc6 Bxc6 11. Be3 a6 12. Nd5 Nc5 13. Nec3 Nxd5 14. Nxd5 Nxa4 15. Rxa4 Bxa4 16. Nxb6 Bb5 17. c4 Rb8 18. cxb5 Rxb6 19. Bxb6 Qxb6 20. bxa6 Qxa6 21. Qd2 Rb8 22. Rc1 Qa2 23. Rc2 h6 24. h4 Bf8 25. h5 Rb4 26. Qe2 Rd4 27. Bf3 Qb3 28. Rc3 Qb4 29. Qc2 Qa4 30. b3 Qa1+ 31. Kg2 Qe1 32. Re3 Rd2 33. Rxe1 Rxc2 34. Be2 Be7 35. Bd3 Rb2 36. Bc4 Bd8 37. Re3 Kf8 38. Rf3 f6 39. Rd3 Ke7 40. Rd5 Bb6 41. Rb5 Bc7 42. Rb7 Kd7 43. Ra7 Kc8 44. Ra8+ Bb8 45. Be6+ Kb7 46. Bd5+ Kc7 47. Ra4 Kc8 48. Rc4+ Kd7 49. Rb4 Kc7 50. Rb7+ Kc8 51. Rxg7 1-0


[Site "https://www.chess.com"]

[Event "Titled Tuesday Blitz July 05 Early 2022"]
[White "Maximov, Dmitry"]
[Black "Shimanov, Aleksandr"]
[WhiteFideId "14105659"]
[BlackFideId "4198603"]
[WhiteElo "2494"]
[BlackElo "2605"]
[Result "1-0"]
[Round "06"]
[TimeControl "180+1"]
[Date "2022.07.05"]
[WhiteClock "0:00:11"]
[BlackClock "0:00:06"]

1. e4 e6 2. d4 d5 3. e5 c5 4. c3 Qa5 5. dxc5 Qc7 6. Nf3 Bxc5 7. Bd3 Nc6 8. Qe2 Nge7 9. O-O Ng6 10. Re1 O-O 11. b4 Bb6 12. a4 a6 13. Ra2 Bd7 14. h4 f5 15. h5 Nh8 16. Bf4 Nf7 17. Nbd2 Qd8 18. Rb2 Rc8 19. Nb3 g5 20. hxg6 hxg6 21. Qd2 Kg7 22. g3 Rh8 23. Kg2 Rh5 24. a5 Ba7 25. c4 Ne7 26. c5 Nc6 27. Nbd4 g5 28. Bxf5 exf5 29. e6 gxf4 30. Qxf4 Qf6 31. exd7 Rd8 32. Re6 Bb8 33. Qd2 Nxd4 34. Rxf6 Nxf3 35. Rxf7+ Kxf7 36. Qxd5+ Kg7 37. Qxf3 Rh7 38. Qxb7 Kf6 39. c6 Rdh8 40. c7 Bxc7 41. Qxc7 f4 42. Qd6+ Kf5 43. Qxf4+ Ke6 44. Rd2 Rf7 45. Qd6+ Kf5 46. Rd5+ Kg4 47. Qg6# 1-0


[Site "https://www.chess.com"]

[Event "Titled Tuesday Blitz July 05 Early 2022"]
[White "Melkumyan, Hrant"]
[Black "Ibarra Jerez, Jose Carlos"]
[WhiteFideId "13302485"]
[BlackFideId "2226332"]
[WhiteElo "2604"]
[BlackElo "2628"]
[Result "0-1"]
[Round "06"]
[TimeControl "180+1"]
[Date "2022.07.05"]
[WhiteClock "0:00:11"]
[BlackClock "0:00:12"]

1. Nf3 Nf6 2. c4 d6 3. d4 g6 4. Nc3 Bf5 5. g3 Ne4 6. Nd5 c6 7. Ne3 Qa5+ 8. Nd2 Bg7 9. Nxf5 Qxf5 10. f3 Nxd2 11. Qxd2 Qf6 12. d5 O-O 13. Bg2 Nd7 14. dxc6 bxc6 15. O-O Nb6 16. Qd3 Qd4+ 17. Qxd4 Bxd4+ 18. e3 Bf6 19. f4 Rac8 20. c5 dxc5 21. Rb1 Rfd8 22. Kf2 c4 23. Ke2 Na4 24. Rd1 Rxd1 25. Kxd1 c5 26. Kc2 Rd8 27. Bf1 c3 28. b3 Nb2 29. Be2 e6 30. g4 h6 31. h4 g5 32. fxg5 hxg5 33. h5 Kg7 34. a4 a5 35. e4 Kh6 36. Be3 Bd4 37. Bc1 Rf8 38. Bxb2 cxb2 39. Rf1 f6 40. Bc4 Re8 41. Bb5 Re7 42. Bc4 Kg7 43. Rh1 Kh6 44. Bd3 Rd7 45. Bc4 Rd6 46. Rd1 Kg7 47. Bb5 Kh6 48. Bc4 f5 49. exf5 exf5 50. gxf5 g4 51. Bd3 Kxh5 52. Be4 Kg5 53. Rf1 Rh6 54. Kd3 Rh3+ 55. Kc4 Rc3+ 56. Kd5 Rc1 0-1


[Site "https://www.chess.com"]

[Event "Titled Tuesday Blitz July 05 Early 2022"]
[White "Mitrabha, Guha"]
[Black "Deac, Bogdan-Daniel"]
[WhiteFideId "5057000"]
[BlackFideId "1226380"]
[WhiteElo "2499"]
[BlackElo "2648"]
[Result "0-1"]
[Round "06"]
[TimeControl "180+1"]
[Date "2022.07.05"]
[WhiteClock "0:00:04"]
[BlackClock "0:00:04"]

1. d4 Nf6 2. Nf3 d5 3. c4 e6 4. g3 dxc4 5. Bg2 Bd7 6. O-O Bc6 7. Qc2 b5 8. a4 a6 9. axb5 axb5 10. Rxa8 Bxa8 11. Nc3 c6 12. e4 Be7 13. Rd1 O-O 14. Bf4 Nbd7 15. d5 cxd5 16. Ne5 b4 17. exd5 bxc3 18. Nc6 Qe8 19. dxe6 Bxc6 20. Bxc6 fxe6 21. Qxc3 Qc8 22. Qxc4 Nb6 23. Qb5 Nbd5 24. Be5 h6 25. h3 Kh8 26. b3 Ne4 27. Rf1 Nec3 28. Qc4 Bf6 29. Bxf6 gxf6 30. Bxd5 Nxd5 31. Qh4 Kg7 32. Re1 e5 33. Qe4 Ne7 34. Rd1 Qxh3 35. Qb7 Qe6 36. Rd7 Rf7 37. b4 Nf5 38. Rxf7+ Qxf7 39. Qc8 Nd4 40. Qg4+ Kh7 41. Qe4+ Kg7 42. Qg4+ Kf8 43. Qc8+ Qe8 44. Qc7 Qc6 45. Qh7 Qc1+ 46. Kg2 Qc6+ 47. Kg1 f5 48. Qh8+ Kf7 49. Qh7+ Ke8 50. Qh8+ Kd7 51. Qg7+ Kc8 52. Kh2 Nf3+ 53. Kh3 Ng5+ 54. Kh2 Qf3 55. Qf8+ Kd7 56. Qc5 Qh5+ 57. Kg2 Qf3+ 58. Kh2 Qh5+ 59. Kg1 Nf3+ 60. Kg2 Ne1+ 61. Kf1 Qh1+ 62. Ke2 Qe4+ 63. Kf1 Nf3 64. Qb5+ Ke7 65. Qc5+ Kf7 66. Qc7+ Kg6 67. Qd6+ Kh5 68. Qd7 Ng5 69. Qd1+ Qf3 70. Qd7 Kg4 71. b5 Qh1+ 72. Ke2 Qe4+ 73. Kf1 Qb1+ 74. Kg2 Qe4+ 75. Kf1 Kh3 76. b6 Qb1+ 77. Ke2 Qxb6 78. Qxf5+ Kh2 79. Qg4 Qb2+ 80. Ke3 Qc3+ 81. Ke2 Kg1 82. f4 Qc2+ 83. Ke3 Qe4+ 84. Kd2 Nf3+ 85. Kd1 Qd3+ 86. Kc1 e4 87. f5 Qd2+ 88. Kb1 Qd3+ 89. Kc1 Nd4 90. Kb2 Qb3+ 0-1


[Site "https://www.chess.com"]

[Event "Titled Tuesday Blitz July 05 Early 2022"]
[White "Moiseenko, Alexander"]
[Black "Harvey, Marcus R"]
[WhiteFideId "14102560"]
[BlackFideId "400092"]
[WhiteElo "2577"]
[BlackElo "2485"]
[Result "1-0"]
[Round "06"]
[TimeControl "180+1"]
[Date "2022.07.05"]
[WhiteClock "0:00:31"]
[BlackClock "0:00:30"]

1. d4 Nf6 2. Bg5 d5 3. e3 c5 4. Bxf6 gxf6 5. dxc5 e6 6. c4 dxc4 7. Nd2 Bxc5 8. Bxc4 Nc6 9. Ngf3 a6 10. O-O f5 11. Rc1 Be7 12. Qe2 Bf6 13. e4 f4 14. e5 Bg7 15. Rfe1 O-O 16. Bd3 Qd5 17. Rc4 Rd8 18. Be4 Qb5 19. Bxc6 bxc6 20. Ne4 a5 21. Nd6 Rxd6 22. exd6 Ba6 23. b3 Qd5 24. Rd1 Bxc4 25. bxc4 Qc5 26. d7 Rd8 27. Qd3 h6 28. h3 Kf8 29. Qe4 e5 30. Nh4 Qe7 31. Nf5 Qc5 32. a4 h5 33. Qe2 e4 34. Qxe4 Qe5 35. Qd3 Bf6 36. Qd6+ Qxd6 37. Rxd6 Be5 38. Rxc6 f6 39. Rc8 1-0


[Site "https://www.chess.com"]

[Event "Titled Tuesday Blitz July 05 Early 2022"]
[White "Moussard, Jules"]
[Black "Navarrete Mendez, Gonzalo Alberto"]
[WhiteFideId "642908"]
[BlackFideId "5106850"]
[WhiteElo "2589"]
[BlackElo "2261"]
[Result "1-0"]
[Round "06"]
[TimeControl "180+1"]
[Date "2022.07.05"]
[WhiteClock "0:01:36"]
[BlackClock "0:00:15"]

1. e4 e5 2. Nf3 Nc6 3. Bc4 Nf6 4. d3 Be7 5. O-O O-O 6. a4 d5 7. exd5 Nxd5 8. Re1 Bg4 9. Nbd2 a5 10. h3 Bh5 11. Nf1 Nd4 12. g4 Bg6 13. Nxd4 exd4 14. Bxd5 Bb4 15. Bxb7 Rb8 16. Bg2 Bxe1 17. Qxe1 f5 18. b3 fxg4 19. hxg4 Qh4 20. Ba3 Rbe8 21. Qd2 Rf6 22. Nh2 h5 23. Re1 hxg4 24. Rxe8+ Bxe8 25. Be7 g3 26. fxg3 Qg5 27. Qxg5 1-0


[Site "https://www.chess.com"]

[Event "Titled Tuesday Blitz July 05 Early 2022"]
[White "Naroditsky, Daniel"]
[Black "Svane, Frederik"]
[WhiteFideId "2026961"]
[BlackFideId "12923044"]
[WhiteElo "2608"]
[BlackElo "2459"]
[Result "1/2-1/2"]
[Round "06"]
[TimeControl "180+1"]
[Date "2022.07.05"]
[WhiteClock "0:00:06"]
[BlackClock "0:00:13"]

1. c4 e6 2. Nc3 Nf6 3. d4 Bb4 4. f3 c5 5. d5 b5 6. e4 d6 7. Ne2 bxc4 8. Nf4 g5 9. Ne2 exd5 10. exd5 Qe7 11. Bxg5 Bxc3+ 12. bxc3 Nbd7 13. Qa4 Rb8 14. Qxc4 Kd8 15. Kf2 Rg8 16. Bd2 Rb2 17. Bf4 Ne5 18. Bxe5 Qxe5 19. Rd1 Re8 20. g3 Qe3+ 21. Kg2 Rxe2+ 22. Qxe2 Qxe2+ 23. Bxe2 Rxe2+ 24. Kg1 Rxa2 25. h4 Nh5 26. Rh2 Ra3 27. Re1 Rxc3 28. Rhe2 Bd7 29. Ra2 Rxf3 30. Rxa7 Rxg3+ 31. Kf2 Rb3 32. Ra8+ Kc7 33. Re7 Nf6 34. Rxf7 Ng4+ 35. Ke2 Ne5 36. Rxh7 Rh3 37. Ra7+ Kb6 38. Raxd7 Nxd7 39. Rxd7 c4 40. Rxd6+ Kc5 41. Rd8 Rxh4 42. d6 Rd4 43. d7 Kc6 44. Ke3 Rxd7 45. Rxd7 Kxd7 46. Kd4 c3 47. Kxc3 1/2-1/2


[Site "https://www.chess.com"]

[Event "Titled Tuesday Blitz July 05 Early 2022"]
[White "Paichadze, Luka"]
[Black "So, Wesley"]
[WhiteFideId "13602934"]
[BlackFideId "5202213"]
[WhiteElo "2537"]
[BlackElo "2763"]
[Result "0-1"]
[Round "06"]
[TimeControl "180+1"]
[Date "2022.07.05"]
[WhiteClock "0:00:03"]
[BlackClock "0:00:53"]

1. e4 c5 2. Nf3 d6 3. d4 cxd4 4. Qxd4 Nc6 5. Bb5 Bd7 6. Qd3 Nf6 7. c4 g6 8. Nc3 Bg7 9. h3 O-O 10. O-O Rc8 11. Bxc6 Bxc6 12. Be3 Nd7 13. Nd4 a6 14. Rfd1 Ne5 15. Qe2 Bd7 16. b3 b5 17. Nd5 bxc4 18. f4 Nd3 19. bxc4 Nc5 20. e5 Ba4 21. Rd2 Ne4 22. Rb2 dxe5 23. fxe5 Bxe5 24. Rb4 e6 25. Rxa4 exd5 26. cxd5 Nc3 27. Qxa6 Nxa4 28. Qxa4 Qxd5 29. Rd1 Rfd8 30. Qa7 Rc2 31. Rd2 Rxd2 0-1


[Site "https://www.chess.com"]

[Event "Titled Tuesday Blitz July 05 Early 2022"]
[White "Rostovtsev, Dmitry"]
[Black "Sargsyan, Anna M."]
[WhiteFideId "34278320"]
[BlackFideId "13308130"]
[WhiteElo "2232"]
[BlackElo "2271"]
[Result "1-0"]
[Round "06"]
[TimeControl "180+1"]
[Date "2022.07.05"]
[WhiteClock "0:00:09"]
[BlackClock "0:00:07"]

1. c4 c6 2. Nf3 d5 3. b3 Nf6 4. Bb2 Bf5 5. g3 e6 6. Bg2 Be7 7. O-O h6 8. d3 O-O 9. Nbd2 Nbd7 10. Qc2 a5 11. a3 Bh7 12. Bc3 b5 13. cxb5 cxb5 14. b4 axb4 15. axb4 Nb6 16. Nd4 Qd7 17. N2f3 Rxa1 18. Rxa1 Rc8 19. Qb3 Na4 20. Bd2 Ra8 21. Ne5 Qb7 22. Nec6 Bd6 23. Na5 Qb6 24. Nxb5 Qxb5 25. Qxa4 Qxa4 26. Rxa4 Nd7 27. Ra1 Kf8 28. h4 f6 29. Rc1 Rb8 30. Nc6 Rc8 31. Bh3 Bg8 32. b5 Nc5 33. Bb4 Nb7 34. Bxd6+ Nxd6 35. b6 Ke8 36. Rc2 Kd7 37. Nd4 Rxc2 38. Nxc2 f5 39. Nd4 Kc8 40. g4 Kb7 41. gxf5 exf5 42. Nxf5 Nxf5 43. Bxf5 Kxb6 44. Kg2 Kc5 45. Kf3 Kd6 46. d4 Bf7 47. Kf4 Be8 48. f3 Bb5 49. e4 Bc4 50. Ke3 Ke7 51. Kf4 Kf6 52. e5+ Ke7 53. Kg4 Kf7 54. h5 Be2 55. Kg3 Ke7 56. Bg4 Bc4 57. f4 Bd3 58. f5 Bc4 59. Kf4 Bb3 60. Bf3 Ba2 61. Ke3 Bc4 62. Kd2 Ba2 63. Kc3 Bc4 64. Kb4 Bd3 65. Bxd5 Bxf5 66. Bf3 g5 67. hxg6 Bxg6 68. d5 h5 69. Kc5 h4 70. Bg4 Be8 71. d6+ Kd8 72. e6 Bd7 73. e7+ Ke8 74. Bh5# 1-0


[Site "https://www.chess.com"]

[Event "Titled Tuesday Blitz July 05 Early 2022"]
[White "Samunenkov, Ihor"]
[Black "Perez Gormaz, Matias"]
[WhiteFideId "14187086"]
[BlackFideId "3406342"]
[WhiteElo "2409"]
[BlackElo "2341"]
[Result "1/2-1/2"]
[Round "06"]
[TimeControl "180+1"]
[Date "2022.07.05"]
[WhiteClock "0:00:05"]
[BlackClock "0:00:14"]

1. e4 c5 2. Nf3 e6 3. d4 cxd4 4. Nxd4 a6 5. c4 Nf6 6. Nc3 Qc7 7. a3 b6 8. Be3 Bb7 9. f3 Nc6 10. Rc1 Nxd4 11. Bxd4 Bd6 12. g3 h5 13. Qe2 Bc5 14. Bxc5 bxc5 15. Bg2 h4 16. e5 h3 17. exf6 hxg2 18. Qxg2 gxf6 19. O-O O-O-O 20. b4 Rdg8 21. Qf2 Kb8 22. bxc5 f5 23. Rb1 f4 24. g4 f5 25. c6 Qxc6 26. Rb6 Rxg4+ 27. Kh1 Qc7 28. Rfb1 Rgh4 29. Rxb7+ Qxb7 30. Rxb7+ Kxb7 31. Na4 Rxh2+ 32. Qxh2 Rxh2+ 33. Kxh2 Kc6 34. Kg2 d5 35. cxd5+ Kxd5 36. Kf2 Kc4 37. Ke2 e5 38. Nb6+ Kb3 39. a4 Kb4 40. Nd7 e4 41. Nb6 Ka5 42. Nc4+ Kxa4 43. Nd6 exf3+ 44. Kxf3 Kb4 45. Nxf5 a5 46. Nd4 a4 47. Kxf4 Kc4 48. Nc2 Kc3 49. Na3 Kb3 50. Nb5 Kb2 51. Ke4 Kb3 52. Kd4 Kb4 53. Nc3 a3 54. Kd3 Kb3 55. Kd4 Kb2 56. Kd3 Kb3 57. Kd4 Kb4 58. Kd3 Kb3 1/2-1/2


[Site "https://www.chess.com"]

[Event "Titled Tuesday Blitz July 05 Early 2022"]
[White "Terry, Renato"]
[Black "Madaminov, Mukhiddin"]
[WhiteFideId "3803457"]
[BlackFideId "14210703"]
[WhiteElo "2577"]
[BlackElo "2011"]
[Result "1-0"]
[Round "06"]
[TimeControl "180+1"]
[Date "2022.07.05"]
[WhiteClock "0:00:16"]
[BlackClock "0:00:04"]

1. d4 Nf6 2. Bg5 e6 3. e4 h6 4. Bxf6 Qxf6 5. c3 c5 6. Nf3 cxd4 7. cxd4 Nc6 8. Nc3 Bb4 9. Rc1 O-O 10. a3 Ba5 11. Bb5 a6 12. Bxc6 dxc6 13. O-O Rd8 14. Qe2 Bd7 15. e5 Qe7 16. Ne4 Be8 17. Nd6 Rab8 18. Nd2 Bc7 19. N2e4 c5 20. dxc5 Bc6 21. Rc3 Qh4 22. Re1 Qf4 23. Qh5 g6 24. Qf3 Qxf3 25. Rxf3 a5 26. b4 axb4 27. axb4 b6 28. Rc3 bxc5 29. Rxc5 Bxd6 30. Nxd6 Bd5 31. b5 g5 32. Rc7 f6 33. Nf7 Rdc8 34. Nxh6+ Kh8 35. Rxc8+ Rxc8 36. exf6 Kh7 37. Ng4 Kg6 38. f3 Rc2 39. Rb1 Bb7 40. b6 Re2 41. Kf1 Ba6 42. Kg1 Rd2 43. Re1 Bb7 44. Rxe6 Kf5 45. Re5+ Kf4 46. Re7 Bxf3 47. gxf3 Kxf3 48. Ne5+ Kf4 49. f7 Rd1+ 50. Kf2 Rd2+ 51. Kf1 Rd1+ 52. Ke2 Rd8 53. Re8 Rd6 54. f8=Q+ Ke4 55. Qxd6 Kf5 56. Qg6+ Kf4 57. Qf6+ Ke4 58. Qf3+ Kd4 59. Qd3+ Kc5 60. Qc4+ Kd6 61. Qc6# 1-0


[Site "https://www.chess.com"]

[Event "Titled Tuesday Blitz July 05 Early 2022"]
[White "Timofeev, Artyom"]
[Black "Krysa, Leandro"]
[WhiteFideId "4140419"]
[BlackFideId "116807"]
[WhiteElo "2578"]
[BlackElo "2490"]
[Result "1-0"]
[Round "06"]
[TimeControl "180+1"]
[Date "2022.07.05"]
[WhiteClock "0:00:37"]
[BlackClock "0:00:02"]

1. e4 c5 2. Nc3 Nc6 3. Bb5 Nd4 4. Nf3 e6 5. O-O a6 6. Bd3 Ne7 7. Nxd4 cxd4 8. Ne2 Nc6 9. c3 Bc5 10. b4 Ba7 11. Bb2 dxc3 12. Bxc3 O-O 13. Qc2 d6 14. Kh1 e5 15. f4 Bg4 16. Rae1 Qh4 17. Ng3 Nd4 18. Bxd4 Bxd4 19. f5 Bh5 20. Bc4 Kh8 21. Bd5 Rac8 22. Qd3 Rc7 23. Rc1 Rfc8 24. Rxc7 Rxc7 25. b5 a5 26. b6 Rd7 27. Qb5 Rd8 28. Bxb7 f6 29. Bc6 Bf7 30. b7 Rb8 31. Qxa5 h5 32. Qa8 Rg8 33. b8=Q Rxb8 34. Qxb8+ Kh7 35. Qb5 Qg5 36. Ne2 h4 37. Nxd4 exd4 38. Qd3 h3 39. Qxh3+ 1-0


[Site "https://www.chess.com"]

[Event "Titled Tuesday Blitz July 05 Early 2022"]
[White "Tristan, Leonardo"]
[Black "Koziorowicz, Michal"]
[WhiteFideId "113816"]
[BlackFideId "21809194"]
[WhiteElo "2404"]
[BlackElo "2202"]
[Result "1-0"]
[Round "06"]
[TimeControl "180+1"]
[Date "2022.07.05"]
[WhiteClock "0:00:06"]
[BlackClock "0:00:08"]

1. d4 Nf6 2. Nf3 g6 3. Bf4 Bg7 4. e3 O-O 5. Be2 d6 6. O-O c5 7. c3 Nc6 8. h3 Re8 9. Bh2 Bf5 10. Nbd2 Qb6 11. Nc4 Qd8 12. dxc5 dxc5 13. Qb3 Na5 14. Nxa5 Qxa5 15. Qxb7 Be6 16. Qb5 Qxb5 17. Bxb5 Red8 18. Bc6 Bc4 19. Rfe1 Rac8 20. Bb7 Rb8 21. Bxb8 Rxb8 22. b3 Bxb3 23. axb3 Rxb7 24. Ra5 Ne4 25. Rea1 Bxc3 26. Rxa7 Rxb3 27. R1a4 Rb1+ 28. Kh2 Nxf2 29. Rxe7 Bf6 30. Re8+ Kg7 31. Rc4 Nd3 32. e4 Ba1 33. e5 Rb4 34. Rxb4 cxb4 35. e6 fxe6 36. Rxe6 Bc3 37. Re7+ Kf6 38. Rxh7 b3 39. Rb7 b2 40. Rb3 Nc1 41. Rb6+ Kf5 42. Nh4+ Kg5 43. g3 Bf6 44. Nf3+ Kf5 45. Nd2 Nd3 46. Rb3 Nc1 47. Rb5+ Ke6 48. Ne4 Bd4 49. Kg2 Nd3 50. Kf3 Ne5+ 51. Ke2 Kf5 52. Nd2 Bc3 53. Nf3 Ke4 54. Nxe5 Bxe5 55. Rb4+ Bd4 56. Kd2 Kf3 57. Rb3+ Kg2 58. h4 Be5 59. g4 Bf6 60. h5 gxh5 61. gxh5 Be5 62. Kc2 Kf2 63. h6 Kg2 64. h7 Kf2 65. Rxb2 1-0


[Site "https://www.chess.com"]

[Event "Titled Tuesday Blitz July 05 Early 2022"]
[White "Vakhlamov, Igor L."]
[Black "Tokman, Ariel"]
[WhiteFideId "24126748"]
[BlackFideId "117420"]
[WhiteElo "2401"]
[BlackElo "2268"]
[Result "1-0"]
[Round "06"]
[TimeControl "180+1"]
[Date "2022.07.05"]
[WhiteClock "0:00:21"]
[BlackClock "0:00:14"]

1. e4 e5 2. Nf3 Nc6 3. Nc3 Nf6 4. Bb5 Nd4 5. Nxd4 exd4 6. e5 dxc3 7. exf6 Qxf6 8. dxc3 Bc5 9. O-O O-O 10. Bd3 d6 11. Qh5 g6 12. Qh6 Bd7 13. Bg5 Qg7 14. Qh4 Rfe8 15. Bf6 Qf8 16. a4 a5 17. b3 d5 18. Qg5 c6 19. c4 dxc4 20. Bxc4 Be6 21. Bd3 Be7 22. Rae1 Bxf6 23. Qxf6 Qg7 24. Qf4 Bd5 25. h4 h5 26. Re3 Rxe3 27. Qxe3 Qf6 28. g3 Rd8 29. Re1 Kg7 30. Qe5 Qxe5 31. Rxe5 Kf6 32. f4 Rd6 33. c4 Be6 34. Be2 Rd2 35. Kf1 Rb2 36. Re3 Bh3+ 37. Ke1 Bf5 38. Bd1 Rb1 39. Kd2 Rb2+ 40. Kc3 Rg2 41. Be2 Be6 42. Kd4 b6 43. c5 bxc5+ 44. Kxc5 Bxb3 45. Rxb3 Rxe2 46. Kxc6 Re4 47. Kb5 1-0


[Site "https://www.chess.com"]

[Event "Titled Tuesday Blitz July 05 Early 2022"]
[White "Wagner, Dennis"]
[Black "Svane, Rasmus"]
[WhiteFideId "24650684"]
[BlackFideId "4657101"]
[WhiteElo "2355"]
[BlackElo "2674"]
[Result "0-1"]
[Round "06"]
[TimeControl "180+1"]
[Date "2022.07.05"]
[WhiteClock "0:00:01"]
[BlackClock "0:00:40"]

1. d4 Nf6 2. c4 e6 3. Nf3 d5 4. g3 Be7 5. Bg2 O-O 6. O-O dxc4 7. Na3 Bxa3 8. bxa3 Bd7 9. a4 Bc6 10. Ba3 Re8 11. Qc2 Nbd7 12. Rac1 a6 13. Rfe1 b5 14. e4 h6 15. h4 Qc8 16. Ne5 Bb7 17. Qc3 c5 18. dxc5 Nxc5 19. Qb4 Ncxe4 20. g4 Qc7 21. f4 Nd5 22. Qb1 Qb6+ 23. Kh2 Nd2 24. Qb2 Qf2 25. g5 Nxf4 0-1


[Site "https://www.chess.com"]

[Event "Titled Tuesday Blitz July 05 Early 2022"]
[White "Weishaeutel, Moritz"]
[Black "Molina, Roberto Junio Brito"]
[WhiteFideId "12967300"]
[BlackFideId "2109450"]
[WhiteElo "2002"]
[BlackElo "2432"]
[Result "1/2-1/2"]
[Round "06"]
[TimeControl "180+1"]
[Date "2022.07.05"]
[WhiteClock "0:00:05"]
[BlackClock "0:00:16"]

1. e4 c6 2. Nc3 d5 3. Nf3 dxe4 4. Nxe4 Bg4 5. h3 Bxf3 6. Qxf3 Nd7 7. d4 Ndf6 8. c3 Nxe4 9. Qxe4 Nf6 10. Qc2 Qd5 11. Qb3 Qxb3 12. axb3 e6 13. b4 Bd6 14. b5 c5 15. dxc5 Bxc5 16. b4 Bb6 17. c4 Bd4 18. Ra3 O-O-O 19. Bd3 Rd7 20. Ke2 Rhd8 21. Rd1 Kb8 22. Bf4+ e5 23. Bh2 g6 24. Bc2 Ka8 25. g4 h6 26. f4 Re8 27. Kf1 e4 28. g5 hxg5 29. fxg5 Nh5 30. c5 f5 31. gxf6 Nxf6 32. Bg1 Bxg1 33. Rxd7 Nxd7 34. Kxg1 Nf6 35. Re3 g5 36. Kf2 Kb8 37. Ke2 Kc7 38. Kd2 Re5 39. Bb3 b6 40. cxb6+ Kxb6 41. Bc4 Nh5 42. Kc3 Nf4 43. Kd4 Re7 44. Rxe4 Rxe4+ 45. Kxe4 Nxh3 46. Kf5 Nf2 47. Kxg5 Ne4+ 48. Kf4 Nd6 49. Bd3 Nxb5 50. Ke3 Nc7 51. Kd4 Ne6+ 52. Kc4 Nd8 53. Be4 Ne6 54. Bd5 Nc7 55. Be4 Nb5 56. Bd3 Kc6 57. Be4+ Kb6 58. Bd3 Nd6+ 59. Kd5 Kc7 60. Kc5 Nf7 61. Kd5 Kb6 62. Ke6 Nd8+ 63. Kd5 Nc6 64. Kc4 Ne5+ 65. Kd4 Nc6+ 66. Kc3 Nd8 67. Bc4 Nb7 68. Bd5 Nd6 69. Kd4 Kb5 70. Kc3 Nc8 71. Bc4+ Ka4 72. Bd3 Nb6 73. Bc2+ Ka3 74. Bb3 Na8 75. Bc4 Nc7 76. b5 Na8 77. Bd3 Ka4 78. Kc4 Ka5 79. Kc5 Nb6 80. Kc6 Na4 81. Kb7 Nc3 82. Kxa7 Nxb5+ 1/2-1/2


[Site "https://www.chess.com"]

[Event "Titled Tuesday Blitz July 05 Early 2022"]
[White "Xu, Yi"]
[Black "Gracia Alvarez, Gerardo Antonio"]
[WhiteFideId "8605564"]
[BlackFideId "5109124"]
[WhiteElo "2471"]
[BlackElo "2139"]
[Result "1-0"]
[Round "06"]
[TimeControl "180+1"]
[Date "2022.07.05"]
[WhiteClock "0:00:50"]
[BlackClock "0:00:22"]

1. e4 c5 2. Nf3 Nc6 3. Bb5 d6 4. O-O Bd7 5. Re1 Nf6 6. c3 a6 7. Bf1 Bg4 8. d4 cxd4 9. cxd4 e5 10. d5 Nd4 11. Be3 Nxf3+ 12. gxf3 Bd7 13. a4 b5 14. axb5 axb5 15. Rxa8 Qxa8 16. Qb3 Qa4 17. Qxa4 bxa4 18. Nc3 Be7 19. Ra1 O-O 20. Nxa4 Ra8 21. b3 Bd8 22. Rc1 Rb8 23. Bc4 Kf8 24. Nb2 Bb6 25. Ra1 Ke7 26. Bxb6 Rxb6 27. Ra7 Kd8 28. Nd3 Ne8 29. f4 f6 30. f3 Nc7 31. Kf2 Nb5 32. Ra8+ Ke7 33. fxe5 fxe5 34. Ke3 Nd4 35. f4 Nxb3 36. fxe5 dxe5 37. Nxe5 Nc5 38. Kd4 Nb3+ 39. Bxb3 Rxb3 40. Ra7 1-0


[Site "https://www.chess.com"]